[ AOE2 MATCH · #476918967 ]
UnrankedBulgarians vs Sicilians
Player's team · LOSS
Rival team · WIN
[ REPLAY ANALYSIS · EXTRACTED FROM THE RECORDED GAME ]
Feudal
10:14
Castle
20:13
Imperial
—
| APM avg | 74.0 |
| APM peak | 142 |
| eAPM avg | 40.7 |
| Villagers / military | 120 / 132 |
Focus
⚔️ 65.5% · 🌾 34.5%
Spearman ×98 · Knight ×13 · Cavalry Archer ×10 · Konnik ×5 · Militia ×4 · Battering Ram ×2
Feudal
8:52
Castle
19:15
Imperial
37:08
| APM avg | 61.6 |
| APM peak | 101 |
| eAPM avg | 30.2 |
| Villagers / military | 136 / 75 |
Focus
⚔️ 28.5% · 🌾 71.5%
Knight ×56 · Scorpion ×8 · Scout Cavalry ×7 · Monk ×2 · Trebuchet (Packed) ×2
Match map
Initial resources + every placement click. Lines = walls · curves = elevation contours. ◆ gold · ⬟ stone · ● berries · ✦ relic · ◌ wall gap
Your base· ✓ Closed at 20:13 · 65t walls · no gate
r0thmans's base· ✓ Closed at 19:15 · 54t walls · 2 gate(s)
Smoothed initial terrain · ◌ = detected wall gap · hover for details
Inputs per minute
— wappla - - r0thmans
Build order — wappla
First 150 of 412 actions detected
| 0:00 | Create | Villager (Male) |
| 0:00 | Create | Villager (Male) |
| 0:00 | Create | Villager (Male) |
| 0:01 | Create | Villager (Male) |
| 0:01 | Build | House |
| 0:02 | Build | House |
| 1:26 | Create | Villager (Male) |
| 1:51 | Build | Lumber Camp |
| 2:01 | Create | Villager (Male) |
| 2:19 | Create | Villager (Male) |
| 2:43 | Create | Villager (Male) |
| 3:04 | Create | Villager (Male) |
| 3:35 | Create | Villager (Male) |
| 3:52 | Build | House |
| 4:03 | Create | Villager (Male) |
| 4:20 | Create | Villager (Male) |
| 4:29 | Build | House |
| 4:47 | Create | Villager (Male) |
| 5:00 | Build | Barracks |
| 5:03 | Create | Villager (Male) |
| 5:33 | Create | Villager (Male) |
| 5:42 | Build | Palisade Wall |
| 5:56 | Create | Militia |
| 6:00 | Build | Mill |
| 6:04 | Create | Villager (Male) |
| 6:15 | Create | Militia |
| 6:17 | Create | Villager (Male) |
| 6:33 | Create | Villager (Male) |
| 6:53 | Create | Villager (Male) |
| 7:16 | Build | Mining Camp |
| 7:19 | Research | Loom |
| 7:42 | Build | Palisade Wall |
| 8:04 | Research | Feudal Age |
| 9:01 | Build | Palisade Wall |
| 9:06 | Build | Farm |
| 9:14 | Build | Palisade Wall |
| 9:24 | Build | Palisade Wall |
| 9:35 | Build | Palisade Wall |
| 9:41 | Create | Militia |
| 9:50 | Build | House |
| 10:02 | Create | Villager (Male) |
| 10:02 | Create | Militia |
| 10:05 | Build | House |
| 10:12 | Build | House |
| 10:14 | Age | Feudal Age |
| 10:24 | Research | Double-Bit Axe |
| 10:27 | Create | Villager (Male) |
| 10:32 | Build | House |
| 10:33 | Create | Spearman |
| 10:46 | Build | Palisade Wall |
| 10:58 | Create | Villager (Male) |
| 11:03 | Build | Farm |
| 11:05 | Build | House |
| 11:10 | Build | House |
| 11:17 | Build | Farm |
| 11:21 | Build | Farm |
| 11:41 | Create | Villager (Male) |
| 11:46 | Build | Farm |
| 11:47 | Build | Farm |
| 11:51 | Build | Palisade Wall |
| 12:00 | Build | House |
| 12:06 | Build | Farm |
| 12:07 | Create | Villager (Male) |
| 12:22 | Build | Farm |
| 12:28 | Create | Villager (Male) |
| 12:34 | Build | House |
| 12:38 | Build | Farm |
| 12:52 | Create | Villager (Male) |
| 12:52 | Create | Villager (Male) |
| 13:02 | Build | Farm |
| 13:07 | Build | Farm |
| 13:17 | Create | Villager (Male) |
| 13:29 | Build | Farm |
| 13:31 | Create | Villager (Male) |
| 13:50 | Build | Blacksmith |
| 13:52 | Create | Villager (Male) |
| 14:08 | Create | Villager (Male) |
| 14:17 | Build | Farm |
| 14:38 | Create | Villager (Male) |
| 14:47 | Build | House |
| 14:57 | Build | Archery Range |
| 14:58 | Create | Villager (Male) |
| 15:16 | Research | Horse Collar |
| 15:37 | Create | Villager (Male) |
| 15:38 | Research | Horse Collar |
| 15:47 | Build | House |
| 15:50 | Build | House |
| 15:54 | Build | House |
| 15:57 | Build | House |
| 16:12 | Create | Villager (Male) |
| 16:23 | Build | Palisade Wall |
| 16:31 | Build | House |
| 16:32 | Create | Villager (Male) |
| 16:35 | Build | House |
| 17:01 | Build | House |
| 17:02 | Build | House |
| 17:06 | Create | Villager (Male) |
| 17:13 | Build | Farm |
| 17:24 | Build | House |
| 17:33 | Research | Castle Age |
| 17:43 | Build | Lumber Camp |
| 17:53 | Build | House |
| 18:35 | Build | Archery Range |
| 18:41 | Research | Fletching |
| 19:10 | Build | Stable |
| 19:25 | Create | Spearman |
| 19:27 | Create | Spearman |
| 19:30 | Build | House |
| 19:32 | Build | House |
| 19:45 | Research | Scale Mail Armor |
| 19:54 | Create | Spearman |
| 20:11 | Build | Farm |
| 20:13 | Build | Farm |
| 20:13 | Build | Farm |
| 20:13 | Age | Castle Age |
| 20:14 | Create | Knight |
| 20:16 | Create | Cavalry Archer |
| 20:17 | Create | Villager (Male) |
| 20:18 | Research | Bow Saw |
| 20:20 | Create | Cavalry Archer |
| 20:23 | Create | Villager (Male) |
| 20:27 | Build | Farm |
| 20:30 | Create | Cavalry Archer |
| 20:31 | Create | Villager (Male) |
| 20:36 | Research | Bodkin Arrow |
| 20:41 | Build | House |
| 20:43 | Build | House |
| 20:45 | Create | Spearman |
| 20:52 | Create | Villager (Male) |
| 20:55 | Build | House |
| 20:57 | Create | Villager (Male) |
| 20:59 | Create | Spearman |
| 21:18 | Create | Villager (Male) |
| 21:19 | Create | Cavalry Archer |
| 21:26 | Create | Cavalry Archer |
| 21:35 | Build | House |
| 21:37 | Create | Spearman |
| 21:43 | Create | Villager (Male) |
| 21:44 | Create | Cavalry Archer |
| 22:15 | Build | Barracks |
| 22:32 | Research | Chain Mail Armor |
| 22:33 | Research | Pikeman (upgrade) |
| 22:34 | Create | Villager (Male) |
| 22:38 | Build | Farm |
| 22:46 | Create | Cavalry Archer |
| 22:47 | Build | Palisade Wall |
| 22:51 | Create | Spearman |
| 23:00 | Create | Spearman |
| 23:07 | Research | Forging |
| 23:19 | Build | Palisade Wall |
Build order — r0thmans
First 150 of 400 actions detected
| 0:00 | Create | Villager (Male) |
| 0:00 | Create | Villager (Male) |
| 0:01 | Create | Villager (Male) |
| 0:02 | Build | House |
| 0:03 | Build | House |
| 0:10 | Create | Villager (Male) |
| 0:10 | Create | Villager (Male) |
| 1:22 | Create | Villager (Male) |
| 1:59 | Create | Villager (Male) |
| 2:15 | Build | Lumber Camp |
| 2:17 | Create | Villager (Male) |
| 2:44 | Create | Villager (Male) |
| 3:05 | Create | Villager (Male) |
| 3:36 | Create | Villager (Male) |
| 3:49 | Build | House |
| 4:05 | Create | Villager (Male) |
| 4:34 | Create | Villager (Male) |
| 4:34 | Create | Villager (Male) |
| 4:45 | Build | Mill |
| 4:54 | Create | Villager (Male) |
| 5:16 | Create | Villager (Male) |
| 5:49 | Research | Loom |
| 5:49 | Research | Loom |
| 6:13 | Create | Villager (Male) |
| 6:42 | Research | Feudal Age |
| 6:42 | Research | Feudal Age |
| 6:58 | Build | House |
| 7:07 | Build | Donjon |
| 7:18 | Build | Palisade Wall |
| 7:30 | Create | Villager (Male) |
| 7:54 | Build | Palisade Wall |
| 7:56 | Build | Palisade Wall |
| 7:58 | Build | Palisade Wall |
| 7:59 | Build | Palisade Wall |
| 8:03 | Build | Palisade Wall |
| 8:05 | Build | Palisade Wall |
| 8:07 | Build | Palisade Wall |
| 8:09 | Build | Palisade Wall |
| 8:25 | Create | Villager (Male) |
| 8:40 | Create | Villager (Male) |
| 8:52 | Age | Feudal Age |
| 8:57 | Build | Stable |
| 9:05 | Research | Double-Bit Axe |
| 9:11 | Build | House |
| 9:12 | Build | Palisade Wall |
| 9:26 | Build | Palisade Wall |
| 9:33 | Create | Villager (Male) |
| 9:44 | Create | Scout Cavalry |
| 9:49 | Build | Farm |
| 9:50 | Build | Farm |
| 9:53 | Build | Farm |
| 9:58 | Create | Villager (Male) |
| 10:04 | Create | Villager (Male) |
| 10:10 | Create | Scout Cavalry |
| 10:17 | Build | Farm |
| 10:24 | Create | Villager (Male) |
| 10:38 | Create | Scout Cavalry |
| 10:49 | Build | Farm |
| 10:51 | Build | Farm |
| 10:58 | Create | Villager (Male) |
| 11:05 | Build | Farm |
| 11:10 | Build | Palisade Wall |
| 11:11 | Build | Palisade Wall |
| 11:20 | Build | Farm |
| 11:25 | Build | House |
| 11:31 | Create | Villager (Male) |
| 11:37 | Create | Villager (Male) |
| 11:38 | Build | Farm |
| 11:39 | Build | Farm |
| 11:51 | Build | House |
| 11:51 | Build | Palisade Wall |
| 12:00 | Build | House |
| 12:01 | Build | Palisade Wall |
| 12:05 | Build | Palisade Wall |
| 12:10 | Create | Scout Cavalry |
| 12:16 | Create | Villager (Male) |
| 12:28 | Build | House |
| 12:29 | Build | Palisade Wall |
| 12:37 | Create | Villager (Male) |
| 12:40 | Build | Farm |
| 12:45 | Build | Farm |
| 13:04 | Build | Farm |
| 13:07 | Create | Villager (Male) |
| 13:21 | Create | Villager (Male) |
| 13:39 | Build | Mining Camp |
| 13:45 | Create | Villager (Male) |
| 13:50 | Build | Palisade Wall |
| 13:55 | Build | Palisade Gate |
| 14:05 | Build | Farm |
| 14:05 | Build | Farm |
| 14:22 | Create | Villager (Male) |
| 14:32 | Create | Villager (Male) |
| 14:42 | Create | Villager (Male) |
| 14:55 | Build | Blacksmith |
| 14:57 | Create | Villager (Male) |
| 15:00 | Build | Palisade Wall |
| 15:02 | Build | Palisade Wall |
| 15:11 | Build | Mining Camp |
| 15:26 | Create | Villager (Male) |
| 15:43 | Build | Palisade Wall |
| 16:21 | Build | Stable |
| 16:35 | Research | Castle Age |
| 16:35 | Research | Castle Age |
| 16:46 | Research | Horse Collar |
| 16:46 | Research | Horse Collar |
| 17:11 | Build | Lumber Camp |
| 17:22 | Create | Villager (Male) |
| 17:25 | Build | Farm |
| 17:40 | Research | Bloodlines |
| 17:47 | Create | Scout Cavalry |
| 17:51 | Create | Scout Cavalry |
| 18:06 | Build | Farm |
| 18:10 | Build | Farm |
| 18:13 | Research | Gold Mining |
| 18:13 | Research | Gold Mining |
| 18:38 | Build | Palisade Gate |
| 18:44 | Create | Scout Cavalry |
| 18:47 | Build | Farm |
| 18:48 | Build | Farm |
| 19:10 | Build | Farm |
| 19:13 | Create | Villager (Male) |
| 19:15 | Age | Castle Age |
| 19:22 | Research | Bow Saw |
| 19:28 | Create | Knight |
| 19:38 | Create | Villager (Male) |
| 19:51 | Create | Knight |
| 19:55 | Create | Villager (Male) |
| 19:55 | Create | Villager (Male) |
| 20:07 | Build | Farm |
| 20:08 | Create | Villager (Male) |
| 20:22 | Create | Villager (Male) |
| 20:28 | Build | Town Center |
| 20:39 | Create | Knight |
| 20:41 | Build | Farm |
| 20:47 | Create | Knight |
| 20:55 | Create | Villager (Male) |
| 21:03 | Build | Monastery |
| 21:09 | Create | Knight |
| 21:09 | Create | Knight |
| 21:10 | Create | Villager (Male) |
| 21:12 | Build | House |
| 21:20 | Build | House |
| 21:20 | Build | House |
| 21:24 | Create | Knight |
| 21:40 | Create | Villager (Male) |
| 21:46 | Build | Farm |
| 21:49 | Create | Monk |
| 21:51 | Create | Villager (Male) |
| 22:06 | Create | Villager (Male) |
| 22:17 | Create | Villager (Male) |
Match timeline
| 5:00 | wappla · first_building Barracks |
| 5:42 | wappla · wall_segment Palisade Wall x1 |
| 7:07 | r0thmans · first_building Donjon |
| 7:18 | r0thmans · wall_segment Palisade Wall x1 |
| 7:42 | wappla · wall_segment Palisade Wall x7 |
| 7:54 | r0thmans · wall_segment Palisade Wall x1 |
| 7:56 | r0thmans · wall_segment Palisade Wall x1 |
| 7:58 | r0thmans · wall_segment Palisade Wall x1 |
| 7:59 | r0thmans · wall_segment Palisade Wall x1 |
| 8:03 | r0thmans · wall_segment Palisade Wall x1 |
| 8:05 | r0thmans · wall_segment Palisade Wall x1 |
| 8:07 | r0thmans · wall_segment Palisade Wall x1 |
| 8:09 | r0thmans · wall_segment Palisade Wall x1 |
| 8:52 | r0thmans · age_up feudal |
| 8:57 | r0thmans · first_building Stable |
| 9:01 | wappla · wall_segment Palisade Wall x7 |
| 9:12 | r0thmans · wall_segment Palisade Wall x12 |
| 9:14 | wappla · wall_segment Palisade Wall x12 |
| 9:24 | wappla · wall_segment Palisade Wall x10 |
| 9:26 | r0thmans · wall_segment Palisade Wall x1 |
| 9:35 | wappla · wall_segment Palisade Wall x14 |
| 10:14 | wappla · age_up feudal |
| 10:46 | wappla · wall_segment Palisade Wall x8 |
| 11:10 | r0thmans · wall_segment Palisade Wall x1 |
| 11:11 | r0thmans · wall_segment Palisade Wall x1 |
| 11:51 | r0thmans · wall_segment Palisade Wall x1 |
| 11:51 | wappla · wall_segment Palisade Wall x7 |
| 12:01 | r0thmans · wall_segment Palisade Wall x5 |
| 12:05 | r0thmans · wall_segment Palisade Wall x4 |
| 12:29 | r0thmans · wall_segment Palisade Wall x1 |
| 13:50 | r0thmans · wall_segment Palisade Wall x12 |
| 14:57 | wappla · first_building Archery Range |
| 15:00 | r0thmans · wall_segment Palisade Wall x1 |
| 15:02 | r0thmans · wall_segment Palisade Wall x1 |
| 15:43 | r0thmans · wall_segment Palisade Wall x6 |
| 16:23 | wappla · wall_segment Palisade Wall x1 |
| 19:10 | wappla · first_building Stable |
| 19:15 | r0thmans · age_up castle |
| 20:13 | wappla · age_up castle |
| 21:03 | r0thmans · first_building Monastery |
| 22:47 | wappla · wall_segment Palisade Wall x1 |
| 23:19 | wappla · wall_segment Palisade Wall x1 |
| 23:45 | r0thmans · first_market_buy 100 food |
| 25:53 | wappla · wall_segment Palisade Wall x1 |
| 29:42 | r0thmans · first_building Siege Workshop |
| 31:40 | wappla · first_building Castle |
| 33:28 | r0thmans · first_market_sell 100 food |
| 34:48 | r0thmans · first_building Castle |
| 36:31 | wappla · first_building Siege Workshop |
| 37:08 | r0thmans · age_up imperial |
| 37:19 | wappla · resign |
[ AI ANALYSIS · 1 CREDIT ]
What really happened in this match?
Wolo.gg analyzes every decision: build order, eco, micro, common mistakes by bracket. Personalized analysis on WhatsApp or Discord in 30 seconds.
Civ guide
Bulgarians
Perfil
Jugador #9865998